 Dungeon Crawl Stone Soup version 0.15-a0-357-gf0ffff9 (webtiles) character file.

287 HungrySpirit the Cudgeler (level 5, -6/47 HPs)
             Began as a Lava Orc Wanderer on May 3, 2014.
             Mangled by Sigmund
             ... wielding a +0,+0 scythe
              (9 damage)
             ... on Level 2 of the Dungeon.
             The game lasted 00:07:29 (3424 turns).

HungrySpirit the Cudgeler (Lava Orc Wanderer)       Turns: 3424, Time: 00:07:29

HP  -6/47        AC 13     Str 18      XL: 5   Next: 30%
MP   5/5         EV  7     Int 16      God:
Gold 110         SH 15     Dex  9      Spells:  0 memorised,  4 levels left

rFire  + . .     SeeInvis .     l - +2,+0 mace (pain)
rCold  . . .     Clarity  .     b - +0 ring mail
rNeg   . . .     Conserve .     a - +0 shield
rPois  .         rCorr    .     w - +0 helmet
rElec  .         rRot     .     z - +2 cloak {+Inv}
SustAb . .       Spirit   .     k - +0 pair of gloves
rMut   .         Warding  .     (no boots)
Saprov + . .     Stasis   .     (no amulet)
MR     .....                    h - ring of wizardry
                                A - +5 ring of intelligence

@: very slightly contaminated, not resistant to hostile enchantments, extremely
unstealthy
A: conserve scrolls, saprovore 1
a: Evoke Invisibility


You were on level 2 of the Dungeon.
You were near starving.

You visited 1 branch of the dungeon, and saw 3 of its levels.

You collected 110 gold pieces.

Inventory:

Hand weapons
 c - a +0,+0 club
 l - a +2,+0 mace of pain (weapon)
Armour
 a - a +0 shield (worn)
 b - a +0 ring mail (worn)
 k - a +0 pair of gloves (worn)
 w - a +0 helmet (worn)
 z - a +2 cloak of darkness (worn)
Comestibles
 d - 3 meat rations
 g - 3 bread rations
 o - a honeycomb
 s - a choko
Scrolls
 e - 2 scrolls of immolation {unknown}
 q - a scroll of magic mapping {unknown}
 t - a scroll of blinking {unknown}
 u - 2 scrolls of identify {unknown}
 v - a scroll of fog {unknown}
 x - a scroll of teleportation {unknown}
 y - a scroll of enchant armour {unknown}
Jewellery
 h - a ring of wizardry (right hand)
 A - a +5 ring of intelligence (left hand)
Potions
 j - a potion of heal wounds {unknown}
 n - a potion of mutation {unknown}
 p - a potion of brilliance {unknown}
Books
 m - a book of Burglary

   Spells                             Type                      Level
   Swiftness                          Charms/Air                   2
   Passwall                           Transmutation/Earth          3
   Passage of Golubria                Translocation                4
   Lee's Rapid Deconstruction         Earth                        5
   Invisibility                       Hexes                        6
   Darkness                           Hexes                        7


   Skills:
 + Level 4.3 Fighting
   Level 3.6 Axes
 * Level 4.6 Maces & Flails
   Level 2.4 Bows
 - Level 2.1 Armour
 - Level 1.1 Shields
   Level 1.2 Invocations


You had 4 spell levels left.
You didn't know any spells.

Dungeon Overview and Level Annotations

Branches:
Dungeon (3/15)

Altars:

Annotations:
D:2 Sigmund


Innate Abilities, Weirdness & Mutations

You have stony skin.
Your flesh is heat resistant.
Your flesh is vulnerable to cold.
Your heat harms attackers.
You bathe your surroundings in blazing heat.
You are too hot to use scrolls.
You are very good at protecting items from fire.
You can tolerate rotten meat.


Message History

Something hits you but does no damage.
You miss something.
You hear some strange, mumbled words.
The puff of flame hits you! Something completely misses you.
You closely miss something. You hit something but do no damage.
You hear some strange, mumbled words.
You are confused.
You hear some strange, mumbled words.
Something tries to affect you, but you resist.
You hit something. Something hits you!
* * * LOW HITPOINT WARNING * * *
You feel less confused. Something hits you.
* * * LOW HITPOINT WARNING * * *
You hear some strange, mumbled words.
The magic dart hits you!
* * * LOW HITPOINT WARNING * * *
You hit something. Something hits you!
You die...

.# #........# ###'##.# .#
#........# #...##.# ######
#........#######.#.##'# .....#
#........'.......#.#...
.###'######........###.......#...
.#........#........# #...........
.#........#........#########.....
.#...%....#........'.....# #.....
.###'######.....@..#####.# #..#'#
.###.# #........# #.# #..#..
..##.###########'#.#####.###..#.#
..'............>................#
..##.###################.#.#.#...
..##.....................#.#.#...
.....#######...###########.#.#...
.............................+...
.......####..........#####.#.#...


There were no monsters in sight!

Vanquished Creatures
  A scorpion (D:3)
  Crazy Yiuf (D:2)
  Terence (D:2)
  2 adders (D:2)
  A giant gecko (D:1)
  6 orcs (D:3)
  2 giant cockroaches
  7 hobgoblins
  4 jackals (D:1)
  A ball python (D:2)
  8 bats
  3 giant newts
  10 goblins
  4 kobolds
  2 quokkas (D:2)
  11 rats
64 creatures vanquished.

Notes
Turn   | Place    | Note
--------------------------------------------------------------
     0 | D:1      | HungrySpirit, the Lava Orc Wanderer, began the quest for the Orb.
     0 | D:1      | Reached XP level 1. HP: 14/14 MP: 1/1
    47 | D:1      | Reached skill level 1 in Fighting
   338 | D:1      | Reached XP level 2. HP: 24/24 MP: 2/2
   956 | D:1      | Reached XP level 3. HP: 29/31 MP: 3/3
  1244 | D:2      | Noticed Sigmund
  1708 | D:3      | HP: 1/31 [orc/flail (6)]
  1717 | D:3      | Reached skill level 1 in Maces & Flails
  2116 | D:3      | Noticed a scorpion
  2129 | D:3      | Killed a scorpion
  2129 | D:3      | Reached skill level 4 in Fighting
  2129 | D:3      | Reached XP level 4. HP: 29/40 MP: 4/4
  2696 | D:2      | Noticed Terence
  2724 | D:2      | Killed Terence
  2880 | D:2      | Reached XP level 5. HP: 41/46 MP: 5/5
  2978 | D:2      | Noticed Crazy Yiuf
  2982 | D:2      | Paralysed by Crazy Yiuf for 7 turns
  2992 | D:2      | Killed Crazy Yiuf
  3424 | D:2      | Mangled by Sigmund

Action                   |  1- 3 |  4- 6 || total
-------------------------+-------+-------++-------
Melee: Club              |   174 |       ||   174
       Mace              |    40 |   112 ||   152
  Use: Potion            |     3 |     6 ||     9
